 Dungeon Crawl Stone Soup version 0.28-a0-973-ga7f8b01127 (webtiles) character file.

Game seed: 17072630826508595053

1366 fragbeetle the Ruffian (level 8, -4/62 HPs)
             Began as a Red Draconian Transmuter on Dec 2, 2021.
             Slain by a troll (12 damage)
             ... on level 5 of the Dungeon.
             The game lasted 00:20:32 (4628 turns).

fragbeetle the Ruffian (Red Draconian Transmuter)   Turns: 4628, Time: 00:20:32

Health: -4/62      AC:  2    Str: 13    XL:     8   Next: 38%
Magic:  13/13      EV: 21    Int: 17    God:
Gold:   139        SH:  0    Dex: 17    Spells: 10/14 levels left

rFire   . . .      SeeInvis .     - Unarmed
rCold   + . .      Faith    .   (shield currently unavailable)
rNeg    . . .      Spirit   .   (armour unavailable)
rPois   x          Reflect  .   (helmet currently unavailable)
rElec   .          Harm     .   (cloak currently unavailable)
rCorr   .          Rampage  .   (gloves currently unavailable)
Will    .....                   (boots currently unavailable)
Stlth   ++........              f - amulet of magic regeneration
HPRegen 0.20/turn               c - ring of protection from cold
MPRegen 0.53/turn               s - +6 ring of intelligence

@: spider-form (expiring)
A: venomous fangs, (breathe fire), AC +6, tiny, unfitting armour, (fire
resistance 1), (cold-blooded), (talons 1), dopey 1, weak 1
a: End Transformation


You were on level 5 of the Dungeon.
You were a venomous arachnid creature.
You visited 1 branch of the dungeon, and saw 6 of its levels.

You collected 139 gold pieces.

Inventory:

Hand Weapons
 b - a +0 short sword of speed
 j - a +2 shortbow of freezing
 o - a +4 club
Missiles
 i - 108 stones
 q - 7 poisoned darts
Jewellery
 c - a ring of protection from cold (left front leg)
 f - an amulet of magic regeneration (around neck)
 s - a +6 ring of intelligence (right front leg)
Wands
 p - a wand of flame (24)
Scrolls
 a - 6 scrolls of teleportation
 d - 2 scrolls of identify
 e - a scroll of immolation {unknown}
 h - 3 scrolls of enchant armour
 l - a scroll of noise {unknown}
 m - a scroll of fog {unknown}
 t - 2 scrolls of blinking {unknown}
Potions
 g - a potion of attraction {unknown}
 k - a potion of ambrosia {unknown}
 n - a potion of brilliance {unknown}
 r - a potion of mutation
 u - a potion of resistance {unknown}


   Skills:
 + Level 2.5 Fighting
 + Level 3.8 Dodging
 + Level 1.5 Stealth
 + Level 7.1 Unarmed Combat
 + Level 3.7 Spellcasting
 + Level 5.4 Transmutations
 + Level 0.6 Poison Magic


You had 10 spell levels left.
You knew the following spells:

 Your Spells              Type           Power      Damage    Failure   Level
a - Beastly Appendage     Tmut           42%        N/A       8%          1
b - Spider Form           Tmut/Pois      13%        N/A       32%         3

Your spell library contained the following spells:

 Spells                   Type           Power      Damage    Failure   Level
 Wereblood                Tmut           21%        N/A       10%         2
 Animate Skeleton         Necr           6%         N/A       34%         1
 Pain                     Necr           12%        1d4       34%         1
 Vampiric Draining        Necr           3%         2d6       65%         3
 Ice Form                 Ice/Tmut       12%        N/A       67%         4


Dungeon Overview and Level Annotations

Branches:
Dungeon (6/15)
 Temple: D:4-7

Altars:

Shops:
D:4 *


Innate Abilities, Weirdness & Mutations

You are a venomous arachnid creature.
You have poisonous fangs.
You are tiny and dextrous.
Your spellcasting is less reliable in this form.
Your armour is entirely melded.
You are incapable of wielding weapons or throwing items.
((You can breathe blasts of fire.))
((Your fiery red scales are hard. (AC +6)))
You cannot fit into any form of body armour.
((Your flesh is heat resistant. (rF+)))
((You are cold-blooded and may be slowed by cold attacks.))
((You have sharp toenails.))
You are dopey. (Int -2)
You are weak. (Str -2)


Message History

The hound zombie misses you. The ufetubus closely misses you.
The ufetubus hits you but does no damage.
You closely miss the ufetubus. You claw the ufetubus.
You kill the ufetubus!
The hound zombie bites you. x2
You punch the hound zombie!
You destroy the hound zombie!
There is a stone staircase leading down here.
You climb downwards.
You hear the sound of rushing water.
There is an entrance to a sewer on this level.
Hurry and find it before the portal rusts away!
Found a runed hat.
There is a stone staircase leading up here.
Casting: Beastly Appendage (safe; 1% risk of failure)
Confirm with . or Enter, or press ? or * to list all spells.
Your horns disappear.
Your talons disappear.
You turn into a venomous arachnid creature.
The troll shouts!
You hear a shout!
You barely miss the troll. You hit the troll but do no damage.
The troll bites you. The troll claws you! The troll claws you.
An ogre comes into view. It is wielding a +0 giant spiked club.
You hit the troll.
The troll is poisoned.
The troll is lightly wounded.
Your transformation is almost over.
The troll closely misses you. The troll claws you. The troll claws you!
The troll completely misses you. The troll misses you.
The troll completely misses you.
You climb upwards.
There is a stone staircase leading down here.
You bite the troll!
The troll is moderately wounded.
The troll completely misses you. x2; The troll claws you!
* * * LOW HITPOINT WARNING * * *
It was a potion of mutation.
You feel extremely strange.
You feel weaker.
You feel stupid.
Your toenails lengthen and sharpen.
The troll completely misses you. The troll claws you!
* * * LOW HITPOINT WARNING * * *
The troll claws you!
You die...

...........
.......?.... # .#
............
.#.######
.............
..........
#........ #######
#...#.#..Z...##
###..............
#................
###.s.#.....[
#...T#....... #
#.##....#..# .#.
#.##.#).# .
.......####.#.....#
.... ..........#.##
##.. ##..#.....#.#
##... #...........#
....#
##.#.........##


You could see a troll (poisoned) and a centaur skeleton.

Vanquished Creatures
  Grinder (D:3)
  Eustachio (D:4)
  2 water moccasins (D:4)
  An ogre (D:5)
  A centaur (D:3)
  A kobold brigand (D:4)
  2 water moccasin skeletons
  An orc priest (D:4)
  3 hounds
  A centaur skeleton (D:4)
  A gnoll shaman (D:5)
  Jessica (D:2)
  An iguana (D:4)
  An orc wizard (D:4)
  A hound zombie (D:5)
  A hound skeleton (D:4)
  4 gnolls
  11 adders
  An ufetubus (D:5)
  3 dart slugs
  2 orcs
  5 ball pythons
  6 endoplasms
  14 giant cockroaches
  7 goblins
  6 hobgoblins
  2 jackals (D:2)
  2 quokkas (D:2)
  3 bats
  4 frilled lizards
  12 kobolds
  8 rats
110 creatures vanquished.

Notes
Turn   | Place    | Note
-------+----------+-------------------------------------------
     0 | D:1      | fragbeetle the Draconian Transmuter began the quest for the
                  | Orb.
     0 | D:1      | Reached XP level 1. HP: 16/16 MP: 3/3
   100 | D:1      | Reached XP level 2. HP: 15/23 MP: 1/5
   678 | D:1      | Reached XP level 3. HP: 19/28 MP: 4/6
  1224 | D:2      | Reached XP level 4. HP: 26/35 MP: 5/7
  1245 | D:2      | Reached skill level 4 in Unarmed Combat
  1447 | D:2      | Learned a level 3 spell: Spider Form
  1455 | D:2      | Noticed Jessica
  1765 | D:3      | Noticed a centaur
  1779 | D:3      | Killed a centaur
  1780 | D:3      | Reached XP level 5. HP: 31/40 MP: 3/8
  1947 | D:4      | Noticed Eustachio
  2390 | D:3      | Reached XP level 6. HP: 46/48 MP: 9/9
  2446 | D:3      | Noticed Grinder
  2459 | D:3      | Killed Grinder
  2460 | D:3      | Reached skill level 5 in Unarmed Combat
  2692 | D:2      | Killed Jessica
  2908 | D:4      | Reached skill level 1 in Stealth
  2941 | D:4      | Your scales start taking on a fiery red colour.
  2941 | D:4      | Reached XP level 7. HP: 48/55 MP: 10/10
  2941 | D:4      | Gained mutation: Your flesh is heat resistant. (rF+) [Red
                  | Draconian growth]
  3015 | D:5      | Entered Level 5 of the Dungeon
  3117 | D:4      | Reached skill level 6 in Unarmed Combat
  3241 | D:4      | Reached skill level 5 in Transmutations
  3833 | D:4      | Killed Eustachio
  3834 | D:4      | Reached XP level 8. HP: 27/62 MP: 10/12
  4037 | D:4      | Found Pofugep's Serpentskin Sales.
  4446 | D:5      | Reached skill level 7 in Unarmed Combat
  4620 | D:6      | Noticed a troll
  4628 | D:5      | Gained mutation: You are weak. (Str -2) [potion of
                  | mutation]
  4628 | D:5      | Gained mutation: You are dopey. (Int -2) [potion of
                  | mutation]
  4628 | D:5      | Gained mutation: You have sharp toenails. [potion of
                  | mutation]
  4628 | D:5      | Slain by a troll

Illustrated notes

Levels and vault maps discovered:
D:1:      mushboom_english_gardens, layout_rooms, hex_tiny, skrybe_limestone_x
D:2:      minmay_roachtagon, layout_basic, minmay_misc_feat_tiny, uniq_jessica
D:3:      layout_basic, kennysheep_potato, uniq_grinder
D:4:      layout_loops_ring, guppyfry_shop_venom, uniq_eustachio
D:5:      layout_rooms, supply_closet_lemuel, hangedman_decor_push
D:6:      layout_layer_cave, lemuel_coloured_pillars_altar,
          gup_sewer_entry_bubbles

Skill      XL: |  1  2  3  4  5  6  7  8 |
---------------+-------------------------+-----
Dodging        | 2 3 |  3.8
Unarmed Combat | 4 5 6 7 |  7.1
Transmutations | 3 4 5 |  5.4
Fighting       | 2 |  2.5
Stealth        | 1 |  1.5
Spellcasting   | 3 |  3.7
Poison Magic   | |  0.6

Action                   |  1- 3 |  4- 6 |  7- 9 || total
-------------------------+-------+-------+-------++-------
Melee: Unarmed           |   121 |   124 |   157 ||   402
       Headbutt          |    12 |    13 |    14 ||    39
       Tailslap          |     8 |    10 |     5 ||    23
       Kick              |    19 |    20 |    29 ||    68
       Punch             |       |     2 |     3 ||     5
 Cast: Beastly Appendage |    22 |    29 |    16 ||    67
       Spider Form       |       |     3 |     4 ||     7
  Use: Scroll            |       |     2 |     1 ||     3
       Potion            |       |       |     4 ||     4
 Stab: Sleeping          |       |     1 |       ||     1
Armor: Skin              |    29 |    28 |    30 ||    87
Dodge: Dodged            |    66 |    84 |   109 ||   259

Table legend: (Time is in decaauts)
 A = Elapsed time spent in this place.
 B = Non-inter-level travel time spent in this place.
 C = Inter-level travel time spent in this place.
 D = Time resting spent in this place.
 E = Time spent auto-exploring this place.
 F = Levels seen in this place.
 G = Mean time per level.
                   A        B        C        D        E       F      G
               +--------+--------+--------+--------+--------+-----+--------+
         Total |   4602 |   4602 |      0 |   1152 |   1233 |   6 |  767.0 |
       Dungeon |   4602 |   4602 |      0 |   1152 |   1233 |   6 |  767.0 |
               +--------+--------+--------+--------+--------+-----+--------+

Top non-repeatable levels by time:
     D:4: 1419 daAuts
     D:3: 1157 daAuts
     D:1: 954 daAuts
     D:2: 848 daAuts
     D:5: 218 daAuts
     D:6: 5 daAuts
